 Dungeon Crawl Stone Soup version 0.28.0-45-g0d030f2227 (webtiles) character file.

Game seed: 388767076653285912

13771 MisterFreud the Martial Artist (level 9, -3/97 HPs)
             Began as a Red Draconian Transmuter on May 7, 2022.
             Was a Priest of Ru.
             Killed by refrigeration
             ... invoked by Fannar
              (5 damage)
             ... on level 11 of the Dungeon.
             The game lasted 00:19:59 (14581 turns).

MisterFreud the Martial Artist (DrTm)              Turns: 14581, Time: 00:20:01

Health: -3/97      AC:  7    Str: 17    XL:     9   Next: 80%
Magic:  0/16       EV: 13    Int: 15    God:    Ru [***...]
Gold:   1569       SH:  0    Dex: 14    Spells: 3/18 levels left

rFire   x . .      SeeInvis .     - Unarmed
rCold   + + +      Faith    .   (shield currently unavailable)
rNeg    . . .      Spirit   +   (armour unavailable)
rPois   +          Reflect  .   (helmet currently unavailable)
rElec   .          Harm     .   (cloak currently unavailable)
rCorr   .          Rampage  .   (gloves currently unavailable)
Will    .....                   (boots currently unavailable)
Stlth   +.........              B - amulet of guardian spirit
HPRegen 0.26/turn               f - ring "Kahourut" {Wiz +Blink Fly Str+4}
MPRegen 0.15/turn               n - +4 ring of slaying

@: about to teleport, ice-form, flying
A: freezing attack, amphibious, boosted hp, (breathe fire), AC +7, large,
unfitting armour, (fire resistance 1), (cold-blooded), hated by all,
inexperienced 1
a: End Transformation, Renounce Religion, Evoke Blink, Draw Out Power


You were on level 11 of the Dungeon.
You worshipped Ru.
Ru was most pleased with you.
You were a creature of crystalline ice.
You visited 3 branches of the dungeon, and saw 13 of its levels.

You collected 1569 gold pieces.

Inventory:

Missiles
 d - 3 curare-tipped darts
 e - 3 boomerangs
 w - 34 poisoned darts
 I - 4 javelins
Armour
 m - a +2 cloak (melded)
 o - a +0 buckler
 q - a +1 pair of gloves (melded)
Jewellery
 b - a +4 ring of evasion
 f - the ring "Kahourut" (left front paw) {Wiz +Blink Fly Str+4}
   (You acquired it on level 1 of the Dungeon)

   [ring of wizardry]

   It improves your spell success rate.
   Str:       It affects your strength (+4).
   Fly:       It grants you flight.
   +Blink:    It lets you blink.
 g - the ring of Diletatu {rF- rC+ rN+ EV+4}
   (You found it on level 5 of the Dungeon)

   [ring of evasion]

   EV:        It affects your evasion (+4).
   rF:        It makes you vulnerable to fire.
   rC:        It protects you from cold.
   rN:        It protects you from negative energy.
 l - a ring of see invisible
 n - a +4 ring of slaying (right front paw)
 u - a +6 ring of intelligence
 A - a +4 ring of evasion
 B - an amulet of guardian spirit (around neck)
 H - a ring of positive energy
 J - a +6 ring of dexterity
Wands
 h - a wand of flame (39)
 i - a wand of iceblast (13)
 t - a wand of paralysis (20)
 z - a wand of acid (19)
 D - a wand of mindburst (10)
Scrolls
 c - a scroll of enchant armour
 x - 4 scrolls of blinking
 y - 2 scrolls of magic mapping
 E - a scroll of amnesia
Potions
 a - a potion of lignification
 j - 2 potions of degeneration
 k - a potion of haste
 p - a potion of mutation
 r - 5 potions of ambrosia
 s - a potion of berserk rage
 v - a potion of brilliance
 C - 2 potions of flight {unknown}
 G - a potion of heal wounds {unknown}


   Skills:
 - Level 8.0 Fighting
 - Level 8.0 Dodging
 + Level 10.5 Unarmed Combat
 - Level 5.0 Spellcasting
 * Level 9.8 Transmutations
 + Level 3.7 Earth Magic
 - Level 4.0 Evocations


You had 3 spell levels left.
You knew the following spells:

 Your Spells              Type           Power      Damage    Failure   Level
a - Ice Form              Ice/Tmut       18%        N/A       9%          4
b - Wereblood             Tmut           33%        N/A       1%          2
c - Spider Form           Tmut/Pois      18%        N/A       2%          3
d - Statue Form           Tmut/Erth      16%        N/A       50%         6

Your spell library contained the following spells:

 Spells                   Type           Power      Damage    Failure   Level
 Beastly Appendage        Tmut           66%        N/A       1%          1
 Sting                    Tmut/Pois      72%        1d6       1%          1
 Apportation              Tloc           6%         N/A       6%          1
 Pain                     Necr           12%        1d4       6%          1
 Dazzling Flash           Conj/Hex       6%         N/A       19%         3
 Vampiric Draining        Necr           3%         2d6       19%         3
 Petrify                  Tmut/Erth      24%        N/A       4%          4
 Flame Wave               Conj/Fire      3%         2d4       52%         4
 Agony                    Necr           3%         N/A       85%         5
 Metabolic Englaciation   Hex/Ice        1%         N/A       85%         5
 Silence                  Hex/Air        1%         N/A       85%         5
 Starburst                Conj/Fire      1%         6d3       100%        6
 Orb of Destruction       Conj           1%         9d5       100%        7
 Animate Skeleton         Necr           Unusable   N/A       N/A         1
 Summon Small Mammal      Summ           Unusable   N/A       N/A         1
 Call Canine Familiar     Summ           Unusable   N/A       N/A         3
 Summon Guardian Golem    Hex/Summ       Unusable   N/A       N/A         3

Dungeon Overview and Level Annotations

Branches:
Dungeon (11/15)            Temple (1/1) D:5            Lair (0/6) D:10
    Orc (1/2) D:10

Altars:
Ashenzari
Cheibriados
Dithmenos
Elyvilon
Fedhas
Gozag
Hepliaklqana
Kikubaaqudgha
Makhleb
Nemelex Xobeh
Okawaru
Qazlal
Ru
Sif Muna
Trog
Uskayaw
Vehumet
Wu Jian
Xom
Yredelemnul
Zin
The Shining One

Annotations:
D:11 Fannar, Psyche


Innate Abilities, Weirdness & Mutations

You are a creature of crystalline ice.
You have a powerful freezing melee attack.
You are amphibious.
Your maximum health is increased.
Your armour is entirely melded.
You are incapable of wielding weapons or throwing items.
((You can breathe blasts of fire.))
((Your fiery red scales are hard. (AC +7)))
You cannot fit into any form of body armour.
((Your flesh is heat resistant. (rF+)))
((You are cold-blooded and may be slowed by cold attacks.))
You are hated by all.
You are somewhat inexperienced. (-2 XL)


Message History

The barbs in your skin will harm you if you move.
Continue?
The barbed spikes dig painfully into your body as you move.
* * * LOW HITPOINT WARNING * * *
You start resting.
A manticore is nearby!
Casting: Ice Form (dangerous; 9% risk of failure)
Confirm with . or Enter, or press ? or * to list all spells.
You turn into a creature of crystalline ice.
Your +2 cloak melds into your body.
Your +1 pair of gloves melds into your body.
The manticore barely misses you. The manticore claws you!
* * * LOW HITPOINT WARNING * * *
The manticore claws you.
You hit the manticore. You freeze the manticore.
The manticore is lightly wounded.
The manticore bites you but does no damage.
The manticore barely misses you. x2
You punch the manticore! You freeze the manticore.
The manticore is heavily wounded.
The manticore bites you!!
* * * LOW HITPOINT WARNING * * *
The manticore barely misses you. The manticore closely misses you.
You punch the manticore! You freeze the manticore.
The manticore is severely wounded.
Okay, then.
You punch the manticore! You freeze the manticore.
You kill the manticore!
You start resting.
Fannar is nearby!
Okay, then.
Unknown command.
Okay, then.
As you read the scroll of teleportation, it crumbles to dust.
You feel strangely unstable.
You carefully extract the barbed spikes from your body.
Fannar shouts!
Fannar mumbles some strange words.
Fannar drains the heat from the surrounding environment!
You resist.
You die...

.....O............
.................#....
..........................)#
.......######.......#..e...#
.......# #.......#....(.
.......# .......'....$
.......##### #. #...#..!.
#.#####≈≈≈≈###.##...#...
#..#≈≈≈≈≈≈≈≈....Y...##'######
#≈≈≈≈≈≈≈≈≈≈≈≈≈≈≈######......#
≈≈≈≈≈≈≈≈≈≈≈≈≈≈≈≈≈≈H..+......#
≈≈≈≈≈..≈≈≈≈≈≈≈≈≈≈≈≈≈.#......#
≈≈≈......≈≈≈≈≈≈≈≈≈≈≈.#...?..#
≈≈........≈≈≈≈≈≈≈≈≈≈...######
≈≈)).#'#..≈≈≈≈≈≈≈≈≈≈...#
≈).).#.#..≈≈≈≈≈≈≈≈≈....#
≈)..##>#..≈≈≈≈≈≈≈≈≈##..#


You could see Fannar.

Vanquished Creatures
  A hydra (D:11)
  5 two-headed ogres
  Pikel (D:8)
  A manticore (D:11)
  A cyclops (D:11)
  An elephant (D:10)
  2 gargoyles
  A komodo dragon (D:11)
  A kobold demonologist (D:11)
  2 shadows (D:10)
  2 wyverns
  2 basilisks (D:10)
  5 yaks (D:11)
  2 steam dragons (D:8)
  Menkaure (D:4)
  4 acid dragons
  2 water moccasins
  Duvessa (D:6)
  A sky beast (D:5)
  An ice beast (D:5)
  4 orc warriors
  2 necrophages
  3 black bears
  6 ogres
  9 centaurs
  3 kobold brigands
  3 bullfrogs (D:7)
  A scorpion (D:5)
  A wyvern zombie (D:6)
  A water moccasin skeleton (D:6)
  Dowan (D:6)
  A troll zombie (D:10)
  10 killer bees
  19 wights
  2 centaur zombies
  3 hounds
  A jelly (D:8)
  2 gnoll shamans
  8 orc priests
  A centaur skeleton (D:7)
  A bullfrog skeleton (D:5)
  14 orc wizards
  2 killer bee zombies (D:7)
  7 ogre zombies (D:10)
  2 howler monkey zombies
  9 gnolls
  7 adders
  A shadow imp (D:6)
  2 white imps
  An ufetubus (D:6)
  2 dart slugs
  25 orcs
  7 ball pythons
  5 endoplasms
  2 giant cockroaches (D:2)
  7 goblins
  6 hobgoblins
  3 jackals
  22 kobolds
  2 quokkas
  5 bats
  3 frilled lizards
  4 goblin zombies (D:10)
  A hobgoblin skeleton (D:10)
  3 hobgoblin zombies (D:10)
  4 orc skeletons (D:10)
  10 orc zombies (D:10)
  7 rats
282 creatures vanquished.

Vanquished Creatures (others)
  An unseen horror (D:11)
  2 fungi (D:10)
  A plant (D:10)
4 creatures vanquished.

Grand Total: 286 creatures vanquished

Notes
Turn   | Place    | Note
-------+----------+-------------------------------------------
     0 | D:1      | MisterFreud the Draconian Transmuter began the quest for
                  | the Orb.
     0 | D:1      | Reached XP level 1. HP: 16/16 MP: 3/3
    97 | D:1      | Found a faded altar of an unknown god.
   107 | D:1      | Reached XP level 2. HP: 17/23 MP: 1/5
   999 | D:1      | Identified 2 scrolls of acquirement
   999 | D:1      | Acquired the ring "Kahourut" {Wiz +Blink Fly Str+4}
  1007 | D:1      | Learned a level 2 spell: Wereblood
  1007 | D:1      | Acquired 794 gold pieces
  1174 | D:1      | Reached XP level 3. HP: 18/28 MP: 4/6
  1181 | D:1      | Learned a level 3 spell: Spider Form
  2225 | D:3      | Identified the +6 whip "Cerapp" {freeze, Dex+3}
  2324 | D:3      | Reached XP level 4. HP: 34/35 MP: 4/7
  3046 | D:4      | Reached XP level 5. HP: 40/40 MP: 7/9
  3106 | D:4      | Noticed an ogre
  3121 | D:4      | Killed an ogre
  3122 | D:4      | Reached skill level 5 in Transmutations
  3239 | D:4      | Noticed Menkaure
  3399 | D:3      | Learned a level 4 spell: Ice Form
  3574 | D:4      | Noticed a necrophage
  3583 | D:4      | Killed a necrophage
  3584 | D:4      | Reached XP level 6. HP: 50/50 MP: 2/10
  3892 | D:4      | Killed Menkaure
  3893 | D:4      | Reached skill level 4 in Unarmed Combat
  4245 | D:5      | Entered Level 5 of the Dungeon
  4259 | D:5      | Your scales start taking on a fiery red colour.
  4259 | D:5      | Reached XP level 7. HP: 54/59 MP: 5/11
  4259 | D:5      | Gained mutation: Your flesh is heat resistant. (rF+) [Red
                  | Draconian growth]
  4340 | D:5      | Identified the ring of Diletatu {rF- rC+ rN+ EV+4}
  4505 | D:5      | Reached skill level 5 in Unarmed Combat
  4529 | D:5      | Reached skill level 6 in Unarmed Combat
  4699 | D:5      | Found a hide-covered altar of Uskayaw.
  4711 | D:5      | Found a sacrificial altar of Ru.
  4822 | D:5      | Found a staircase to the Ecumenical Temple.
  4981 | D:5      | Reached XP level 8. HP: 66/66 MP: 8/12
  5260 | D:5      | Found a blossoming altar of Fedhas.
  5411 | Temple   | Entered the Ecumenical Temple
  5487 | D:5      | Became a worshipper of Ru the Awakened
  5597 | D:6      | Reached skill level 5 in Dodging
  5747 | D:6      | Noticed Duvessa
  5760 | D:6      | Killed Duvessa
  5955 | D:6      | Noticed Dowan
  5960 | D:6      | Killed Dowan
  6293 | D:6      | Found a burning altar of Makhleb.
  6456 | D:6      | Reached XP level 9. HP: 71/71 MP: 0/13
  6873 | D:7      | Reached skill level 1 in Evocations
  7003 | D:7      | Found a shimmering blue altar of Sif Muna.
  7041 | D:7      | Got Sif Muna's Reference Book on Sinister Contamination
  7066 | D:7      | Found a bloodstained altar of Trog.
  7248 | D:7      | Found a glowing golden altar of the Shining One.
  7250 | D:7      | Found a basalt altar of Yredelemnul.
  7251 | D:7      | Found an ornate altar of the Wu Jian Council.
  7769 | D:7      | Gained mutation: You are hated by all. [Ru sacrifice]
  7769 | D:7      | Reached * piety under Ru
  7815 | D:7      | Noticed a two-headed ogre
  7816 | D:7      | Noticed a troll
  7998 | D:8      | Noticed Pikel
  8009 | D:8      | Killed Pikel
  8010 | D:8      | Reached skill level 5 in Fighting
  8011 | D:8      | Reached skill level 7 in Unarmed Combat
  8372 | D:8      | Reached XP level 10. HP: 83/83 MP: 9/14
  8430 | D:8      | Noticed a two-headed ogre
  8439 | D:8      | Killed a two-headed ogre
 10090 | D:9      | Reached skill level 8 in Unarmed Combat
 11521 | D:10     | Entered Level 10 of the Dungeon
 11578 | D:10     | Noticed a two-headed ogre
 11584 | D:10     | Killed a two-headed ogre
 11683 | D:10     | Gained mutation: You are somewhat inexperienced. (-2 XL)
                  | [Ru sacrifice]
 11683 | D:10     | Reached XP level 9. HP: 97/97 MP: 16/16
 11683 | D:10     | Reached XP level 8. HP: 88/88 MP: 15/15
 11683 | D:10     | Reached ** piety under Ru
 11683 | D:10     | Reached *** piety under Ru
 11691 | D:10     | Found a staircase to the Orcish Mines.
 11705 | D:10     | Reached skill level 5 in Spellcasting
 12105 | D:10     | Found a staircase to the Lair.
 12105 | D:10     | Noticed a gargoyle
 12105 | D:10     | Noticed an elephant
 12128 | D:10     | Reached XP level 9. HP: 53/81 MP: 14/16
 12138 | D:10     | Reached skill level 9 in Unarmed Combat
 13022 | Orc:1    | Entered Level 1 of the Orcish Mines
 13242 | D:11     | Learned a level 6 spell: Statue Form
 13267 | D:11     | Reached skill level 1 in Earth Magic
 13551 | D:11     | Noticed a seven-headed hydra
 13562 | D:11     | Killed a seven-headed hydra
 13563 | D:11     | Reached skill level 10 in Unarmed Combat
 14147 | D:11     | Got Kopsehal's Grimoire of Attacks
 14157 | D:11     | Noticed Psyche
 14530 | D:11     | Noticed a two-headed ogre
 14531 | D:11     | Noticed a two-headed ogre
 14532 | D:11     | Noticed an ogre mage
 14533 | D:11     | Noticed a two-headed ogre
 14534 | D:11     | Noticed a two-headed ogre
 14534 | D:11     | Noticed a boulder beetle
 14553 | D:11     | Killed a two-headed ogre
 14557 | D:11     | Killed a two-headed ogre
 14563 | D:11     | Killed a two-headed ogre
 14570 | D:11     | Noticed Fannar
 14577 | D:11     | HP: 1/97 [manticore (18)]
 14581 | D:11     | Killed from afar by Fannar

Illustrated notes

Levels and vault maps discovered:
D:1:      amcnicky_arrival_underground_garden, layout_loops_ring,
          ebering_ecumenical_altar_mist, serial_park_tiny_1, minmay_door_square,
          minmay_crystal_room
D:2:      layout_loops_ring
D:3:      layout_loops_ring, minmay_between
D:4:      layout_rooms, kennysheep_nub, uniq_menkaure
D:5:      layout_loops_ring, fedhas_altar_1, jmf_multi_god_temple,
          minmay_temple_entry_mini_moons, serial_glass, glass_columns_a,
          glass_columns_a, glass_columns_c, glass_columns_b, glass_columns_b,
          glass_columns_a, glass_columns_b, glass_columns_b
D:6:      layout_rooms, mainiacjoe_overflow_boulevard,
          kennysheep_generic_room_16, uniq_duvessa
D:7:      minmay_blocky_corners, layout_rooms,
          nzn_overflow_gifts_of_might_and_magic,
          chequers_temple_overflow_statue_of_worship, gammafunk_ghost_grave,
          kennysheep_generic_room_9
D:8:      minmay_inner_zag, layout_cave_pools, nicolae_fountain_basement,
          uniq_pikel
D:9:      layout_layer_cave, serial_undead, serial_undead_f, serial_undead_e,
          serial_undead_b, serial_undead_f, small_statue_intersection
D:10:     layout_basic, david_lair_generic, zombieorc2_lemuel
D:11:     layout_basic, centaur_isle, uniq_fannar, uniq_psyche
Temple:   cyrus_circular_temple
Orc:1:    layout_caves, serial_shops, shop

Skill      XL: |  1  2  3  4  5  6  7  8  9 10 |
---------------+-------------------------------+-----
Transmutations | 3 4 5 7 9 |  9.8
Spellcasting   | 3 5 4 |  5.0
Fighting       | 2 4 5 8 |  8.0
Unarmed Combat | 4 6 10 8 | 10.5
Dodging        | 4 6 7 8 |  8.0
Evocations     | 4 |  4.0
Earth Magic    | 3 |  3.7

Action                   |  1- 3 |  4- 6 |  7- 9 | 10-12 || total
-------------------------+-------+-------+-------+-------++-------
Melee: Unarmed           |   116 |    99 |   398 |   165 ||   778
       Headbutt          |    12 |     5 |       |       ||    17
       Kick              |    14 |    11 |       |       ||    25
       Tailslap          |     9 |     8 |    15 |     4 ||    36
       Punch             |     1 |     1 |     2 |       ||     4
 Cast: Beastly Appendage |    21 |     7 |       |       ||    28
       Spider Form       |     1 |     4 |    10 |       ||    15
       Ice Form          |       |     2 |    33 |    19 ||    54
Invok: Sacrifice Experie |       |       |     1 |       ||     1
       Sacrifice Love    |       |       |     1 |       ||     1
 Abil: End Transformatio |       |       |     2 |       ||     2
  Use: Scroll            |     3 |     6 |     8 |     4 ||    21
       Potion            |       |       |     1 |       ||     1
 Stab: Sleeping          |     1 |     2 |       |       ||     3
       Invisible         |       |       |     3 |       ||     3
       Distracted        |       |       |       |     1 ||     1
Armor: Skin              |    29 |    17 |   120 |    52 ||   218
Dodge: Dodged            |    99 |    70 |   300 |    94 ||   563
